 Dungeon Crawl Stone Soup version 0.30-a0-141-g30f27751c5 (webtiles) character file.

Game seed: 10382916417044973658

704 qw the Chopper (level 7, 0/44 HPs)
             Began as a Gargoyle Fighter on Sept 25, 2022.
             Was a Follower of Okawaru.
             Slain by a gnoll sergeant
             ... wielding a +0 spear
              (9 damage)
             ... on level 5 of the Dungeon.
             The game lasted 00:01:38 (4550 turns).

qw the Chopper (Gargoyle Fighter)                   Turns: 4550, Time: 00:01:39

Health: 0/44       AC: 19    Str: 21    XL:     7   Next: 67%
Magic:  6/8        EV: 14    Int:  9    God:    Okawaru [*.....]
Gold:   272        SH:  6    Dex: 15    Spells: 6/6 levels left

rFire   . . .      SeeInvis .    Y - +0 war axe
rCold   . . .      Faith    .    c - +0 buckler
rNeg    + . .      Spirit   .    e - +0 chain mail
rPois   inf        Reflect  .    n - +1 helmet
rElec   +          Harm     .    (no cloak)
rCorr   .          Rampage  .    (no gloves)
Will    .....                    a - +0 pair of boots
Stlth   ..........               (no amulet)
HPRegen 0.14/turn                f - +4 ring of evasion
MPRegen 0.11/turn                i - +6 ring of dexterity

@: about to teleport, heroic
A: sickness immunity, AC +4, negative energy resistance 1, electricity
resistance, torment resistance 1, petrification resistance
a: Renounce Religion, Heroism


You were on level 5 of the Dungeon.
You worshipped Okawaru.
Okawaru was aware of your devotion.
You visited 1 branch of the dungeon, and saw 5 of its levels.

You collected 272 gold pieces.


Innate Abilities, Weirdness & Mutations

You are immune to sickness and miasma.
Your stone body is resilient. (AC +4)
You are immune to poison.
You resist negative energy. (rN+)
You are resistant to electric shocks. (rElec)
You are resistant to unholy torment.
You are immune to petrification.


   Skills:
 - Level 4.6(9.6) Fighting
 + Level 6.6(11.6) Axes
 - Level 3.2(8.2) Armour
 - Level 1.0(6.0) Dodging
 - Level 3.2(8.2) Shields
 + Level 2.4 Invocations


You had 6 spell levels left.
You didn't know any spells.
Your spell library was empty.

Inventory:

Hand Weapons
 q - a +0 flail
 Y - a +0 war axe (weapon)
Armour
 a - a +0 pair of boots (worn)
 c - a +0 buckler (worn)
 e - a +0 chain mail (worn)
 n - a +1 helmet (worn)
Jewellery
 f - a +4 ring of evasion (left hand)
 i - a +6 ring of dexterity (right hand)
Scrolls
 g - 2 scrolls of identify
 l - a scroll of teleportation
 p - a scroll of immolation {unknown}
Potions
 b - a potion of brilliance {unknown}
 d - a potion of might
 h - a potion of attraction
 j - a potion of curing
 m - 2 potions of lignification {unknown}
 o - a potion of heal wounds {unknown}

Dungeon Overview and Level Annotations

Branches:
Dungeon (5/15)             Temple (0/1) D:5

Altars:
Kikubaaqudgha
Okawaru

Shops:
D:3 :


Message History

The gnoll sergeant completely misses you.
The gnoll closely misses you. The gnoll barely misses you. x2
You barely miss the gnoll.
The gnoll is severely wounded.
You barely miss the gnoll. You hit the gnoll but do no damage.
The gnoll is severely wounded.
You slash the gnoll!
You kill the gnoll!
Okawaru accepts your kill. You block the gnoll sergeant's attack.
The gnoll barely misses you. You block the gnoll's attack.
The gnoll hits you but does no damage.
You slash the gnoll!
You kill the gnoll!
Okawaru accepts your kill.
You feel like a meek peon again. You block the gnoll sergeant's attack.
The gnoll closely misses you. The gnoll hits you but does no damage.
4546 ||| INVOKING Heroism.
You gain the combat prowess of a mighty hero.
You are no longer corroded.
The gnoll sergeant barely misses you. The gnoll hits you but does no damage.
The gnoll closely misses you.
The gnoll sergeant hits you with a +0 spear.
The gnoll misses you. The gnoll hits you but does no damage.
Things that are here:
a +0 halberd; a gnoll corpse You barely miss the gnoll sergeant.
You hit the gnoll but do no damage. You barely miss the gnoll.
The gnoll sergeant hits you with a +0 spear.
The gnoll hits you but does no damage. The gnoll closely misses you.
4549 ||| READING 2 scrolls of teleportation.
As you read the scroll of teleportation, it crumbles to dust.
You feel strangely unstable. You block the gnoll sergeant's attack.
The gnoll completely misses you. The gnoll barely misses you.
You closely miss the gnoll sergeant. You slash the gnoll!
You completely miss the gnoll.
The gnoll sergeant hits you with a +0 spear!
You die...

# #...###...............
. .....#................
## .
..................... .
.. ....................
#####.
...###...#######'####...
........
.#.....#............#...
####..#
###...###.#########.#...
#.##..#
.#.....#...(......#.#...
##.##..#
......g@)######...#.#...
...##..#
..#..#gg#.....#...#.#..)
##.##..# #.
#..#.....#...#.#..[
#.##..#
#..#.....#...#.#...
#.##..#
#..#.....'...#.#...
#.....#
#..#.....#...#.#...
#####.#
#..#)....#...#.#... #.#
#..#.....#)..#.#... #.#
#..[..#...#.#...


You could see a gnoll sergeant and 2 gnolls.

Vanquished Creatures
  An ice beast (D:4)
  A necrophage (D:4)
  A scorpion (D:4)
  3 hounds
  A jelly (D:5)
  Jessica (D:2)
  3 iguanas
  Natasha (D:2)
  An orc wizard (D:5)
  4 gnolls
  6 adders
  2 white imps
  An ufetubus (D:4)
  A dart slug (D:5)
  6 orcs
  10 endoplasms
  3 giant cockroaches
  8 goblins
  10 hobgoblins
  7 jackals (D:2)
  6 kobolds
  7 quokkas
  12 ball pythons
  5 bats
  3 frilled lizards (D:1)
  7 rats
111 creatures vanquished.

Notes
Turn   | Place    | Note
-------+----------+-------------------------------------------
     0 | D:1      | qw the Gargoyle Fighter began the quest for the Orb.
     0 | D:1      | Reached XP level 1. HP: 14/14 MP: 1/1
     0 | D:1      | 0 ||| qw: Version: 0.2-a-10-g399e6c4
     0 | D:1      | 0 ||| qw: Game counter: 322
     0 | D:1      | 0 ||| qw: Always use a shield: true
     0 | D:1      | 0 ||| qw: God list: Okawaru
     0 | D:1      | 0 ||| qw: Allow faded altars: false
     0 | D:1      | 0 ||| qw: Do Orc after D:15 true
     0 | D:1      | 0 ||| qw: Do second Lair branch before Depths: true
     0 | D:1      | 0 ||| qw: Lair rune preference: random
     0 | D:1      | 0 ||| qw: Plans: Normal, Zot:1-4, God:TSO, Crypt, Tomb,
                  | Pan, Slime:5, Hells, Abyss, Orb
     0 | D:1      | 0 ||| PLANNING D:1-11
    24 | D:1      | Reached skill level 2 in Axes
   243 | D:1      | Reached XP level 2. HP: 19/19 MP: 2/2
   749 | D:1      | 749 ||| DROPPING +0 club.
   775 | D:1      | 775 ||| Stepping ~*~*~tactically~*~*~ (stealth).
   783 | D:1      | 783 ||| Stepping ~*~*~tactically~*~*~ (stealth).
   790 | D:1      | Reached skill level 3 in Axes
   881 | D:1      | 881 ||| Stepping ~*~*~tactically~*~*~ (stealth).
   885 | D:1      | Reached XP level 3. HP: 21/23 MP: 3/3
  1027 | D:1      | 1027 ||| UPGRADING to +4 ring of evasion.
  1028 | D:1      | 1028 ||| UPGRADING to +6 ring of dexterity.
  1029 | D:1      | 1029 ||| READING scroll labelled BOWKET SUWAETAT.
  1030 | D:1      | 1030 ||| READING 2 scrolls labelled GELOLE IXYONGE.
  1085 | D:2      | 1085 ||| Stepping ~*~*~tactically~*~*~ (stealth).
  1312 | D:2      | Reached skill level 1 in Dodging
  1314 | D:2      | 1314 ||| Stepping ~*~*~tactically~*~*~ (stealth).
  1415 | D:2      | Reached XP level 4. HP: 28/28 MP: 4/4
  1721 | D:2      | Noticed Jessica
  1722 | D:2      | 1722 ||| Stepping ~*~*~tactically~*~*~ (hiding).
  1725 | D:2      | 1725 ||| Stepping ~*~*~tactically~*~*~ (hiding).
  1733 | D:2      | Killed Jessica
  1734 | D:2      | Reached skill level 4 in Axes
  1831 | D:2      | Noticed Natasha
  1837 | D:2      | Killed Natasha
  1838 | D:2      | Reached XP level 5. HP: 14/32 MP: 5/5
  2183 | D:2      | 2183 ||| UPGRADING to +0 chain mail.
  2193 | D:2      | 2193 ||| DROPPING +0 scale mail.
  2194 | D:2      | 2194 ||| READING scroll labelled WEGOPU ULLUFFIO.
  2195 | D:2      | 2195 ||| READING scroll labelled JEC GYLUCSU.
  2196 | D:2      | 2196 ||| READING 2 scrolls of identify.
  2196 | D:2      | 2196 ||| IDENTIFYING gluggy blue potion
  2234 | D:3      | 2234 ||| STAIRDANCE
  2239 | D:3      | 2239 ||| STAIRDANCE
  2274 | D:3      | 2274 ||| STAIRDANCE
  2342 | D:3      | Found Boiwiuck's Book Shoppe.
  2394 | D:3      | Found an iron altar of Okawaru.
  2395 | D:3      | 2395 ||| PLANNING OKAWARU WORSHIP
  2395 | D:3      | 2395 ||| UPGRADING to +0 pair of boots.
  2407 | D:3      | Became a worshipper of Warmaster Okawaru
  2408 | D:3      | 2408 ||| PLANNING D:1-11
  2434 | D:3      | 2434 ||| Stepping ~*~*~tactically~*~*~ (hiding).
  2727 | D:3      | Found an ancient bone altar of Kikubaaqudgha.
  2802 | D:3      | 2802 ||| READING scroll labelled SOR BAGGIMM.
  2839 | D:4      | 2839 ||| STAIRDANCE
  2850 | D:4      | 2850 ||| STAIRDANCE
  2854 | D:3      | Reached skill level 5 in Axes
  3012 | D:4      | Noticed an ice beast
  3021 | D:4      | HP: 2/32 [ice beast (10)]
  3033 | D:4      | Killed an ice beast
  3034 | D:4      | Reached XP level 6. HP: 5/39 MP: 6/6
  3570 | D:4      | Reached * piety under Okawaru
  3611 | D:4      | 3611 ||| INVOKING Heroism.
  3613 | D:4      | Reached XP level 7. HP: 23/44 MP: 4/7
  3616 | D:4      | 3616 ||| Stepping ~*~*~tactically~*~*~ (stealth).
  3617 | D:4      | 3617 ||| Stepping ~*~*~tactically~*~*~ (stealth).
  3622 | D:4      | 3622 ||| Stepping ~*~*~tactically~*~*~ (stealth).
  3623 | D:4      | 3623 ||| Stepping ~*~*~tactically~*~*~ (stealth).
  3626 | D:4      | 3626 ||| Stepping ~*~*~tactically~*~*~ (stealth).
  3627 | D:4      | 3627 ||| INVOKING Heroism.
  3993 | D:4      | You fall into a shaft and drop 1 floor!
  3993 | D:5      | Entered Level 5 of the Dungeon
  4000 | D:5      | 4000 ||| Stepping ~*~*~tactically~*~*~ (stealth).
  4001 | D:5      | 4001 ||| Stepping ~*~*~tactically~*~*~ (stealth).
  4002 | D:5      | 4002 ||| Stepping ~*~*~tactically~*~*~ (stealth).
  4008 | D:5      | Reached skill level 6 in Axes
  4082 | D:5      | 4082 ||| UPGRADING to +0 helmet.
  4087 | D:5      | 4087 ||| READING 3 scrolls labelled QUYSSI YMOI.
  4090 | D:5      | 4090 ||| DRINKING 2 fuming pink potions.
  4254 | D:5      | Reached skill level 1 in Invocations
  4301 | D:5      | Found a staircase to the Ecumenical Temple.
  4377 | D:5      | 4377 ||| READING scroll of enchant armour.
  4377 | D:5      | 4377 ||| ENCHANTING +0 helmet.
  4450 | D:5      | 4450 ||| DROPPING +0 whip.
  4525 | D:5      | 4525 ||| INVOKING Heroism.
  4546 | D:5      | 4546 ||| INVOKING Heroism.
  4548 | D:5      | HP: 9/44 [gnoll sergeant/+0 spear (4)]
  4549 | D:5      | 4549 ||| READING 2 scrolls of teleportation.
  4550 | D:5      | Slain by a gnoll sergeant

Levels and vault maps discovered:
D:1:      evilmike_arrival_home_sweet_home, layout_loops_cross
D:2:      layout_basic, uniq_natasha, uniq_jessica
D:3:      layout_basic, general_overflow_altar, okawaru_altar_gauntlet_db,
          serial_shops, nicolae_diamond_shop, kennysheep_nondescript
D:4:      layout_rooms, hex_large, grunt_ministairs_10, chequers_jeans
D:5:      layout_basic, minmay_temple_entry_mini_moons, minmay_strange_pillars

Skill      XL: |  1  2  3  4  5  6  7 |
---------------+----------------------+-----
Axes           | 2 3 4 5 6 |  6.6
Dodging        | 1 |  1.0
Fighting       | 4 |  4.6
Invocations    | 2 |  2.4
Armour         | |  3.2
Shields        | |  3.2

Action                   |  1- 3 |  4- 6 |  7- 9 || total
-------------------------+-------+-------+-------++-------
Melee: War axe           |    93 |   162 |    84 ||   339
Invok: Heroism           |       |     1 |     3 ||     4
  Use: Scroll            |     2 |     4 |     3 ||     9
       Potion            |       |       |     1 ||     1
Armor: Scale mail        |    38 |     8 |       ||    46
       Chain mail        |       |    57 |    42 ||    99
Dodge: Dodged            |    42 |   106 |    63 ||   211
Block: Buckler           |    15 |    41 |    32 ||    88

Table legend:
 A = Non-vault XP
 B = Vault XP
 C = Vault XP percentage of total XP
 D = Non-vault monster count
 E = Vault monster count
 F = Vault count percentage of total count
                 A         B        C        D         E       F
            +---------+---------+-------+---------+---------+-------
      Total |     905 |     102 |  10.1 |     101 |      10 |   9.0
            +---------+---------+-------+---------+---------+-------
        D:1 |      36 |       0 |   0.0 |      24 |       0 |   0.0
        D:2 |      94 |      73 |  43.7 |      28 |       2 |   6.7
        D:3 |      29 |      29 |  50.0 |      11 |       8 |  42.1
        D:4 |     484 |       0 |   0.0 |      25 |       0 |   0.0
        D:5 |     262 |       0 |   0.0 |      13 |       0 |   0.0
            +---------+---------+-------+---------+---------+-------
